[Event "*** Titled Tuesday Blitz"]
[Site "Chess.com"]
[Date "2020.04.14"]
[Round "7"]
[White "dey2580"]
[Black "ItsCheckM8Mate"]
[Result "1/2-1/2"]
[WhiteElo "2466"]
[BlackElo "2175"]
[TimeControl "180+1"]
[EndTime "11:14:39 PDT"]
[Termination "Game drawn by repetition"]

1. d4 Nf6 2. Nf3 c5 3. e3 cxd4 4. exd4 g6 5. Be2 Bg7 6. O-O O-O 7. c4 b6 8. Nc3 Bb7 9. Bg5 d5 10. c5 bxc5 11. dxc5 Nbd7 12. Be3 e5 13. Bg5 e4 14. c6 exf3 15. cxb7 fxe2 16. Qxe2 Rb8 17. Nxd5 Qa5 18.
Ne7+ Kh8 19. Bxf6 Nxf6 20. Nc6 Qb6 21. Nxb8 Rxb8 22. Rac1 Qxb7 23. b3 Re8 24. Qc4 h5 25. h3 Kg8 26. Rfd1 Bh6 27. Rc3 Qe7 28. Rf3 Bg7 29.
Re3 Qf8 30. Rxe8 Qxe8 31. Qc7 Kh7 32. Qxa7 Qe2 33. Rf1 Ne4 34. Qxf7 Qxa2 35. Qe6 Nd2 36. Re1 Qxb3 37. Qxb3 Nxb3 38. Re7 Nd4 39. g3 Nf5 40. Ra7 Kh6 41. Kg2 Bf6 42. h4 Be5 43. Rb7 Bd4 44. Rd7 Bf6 45. Rf7 Bg7 46. Rb7 Bd4 47. Kf3 Bc5 48. Kg2 Bd4 1/2-1/2

[Event "*** Titled Tuesday Blitz"]
[Site "Chess.com"]
[Date "2020.04.14"]
[Round "7"]
[White "rynos0411"]
[Black "CakeinSpace2002"]
[Result "1-0"]
[WhiteElo "2401"]
[BlackElo "2198"]
[TimeControl "180+1"]
[EndTime "11:14:39 PDT"]
[Termination "rynos0411 won on time"]

1. e4 e5 2. Nf3 Nc6 3. Bb5 a6 4. Ba4 Nf6 5. O-O b5 6. Bb3 Be7 7.
Re1 O-O 8. a4 b4 9. d3 d6 10. h3 Be6 11. c3 Rb8 12. Bxe6 fxe6 13. Nbd2 Qe8 14. Qb3 Qd7 15. Qc2 Nh5 16. Nf1 Rxf3 17.
gxf3 Rf8 18. Nh2 Qd8 19. cxb4 Nd4 20. Qc4 Bg5 21. Kh1 Bxc1 22. Qxc1 Qh4 23. Rg1 Qxh3 24.
Qxc7 Nxf3 25. Rg2 Nxh2 26. Rxh2 Qf3+ 27. Rg2 Rf7 28. Qd8+ Rf8 29. Qg5 g6 30. Qg4 Qxg4 31.
Rxg4 Rxf2 32. Rb1 Nf4 33. Rg3 Ne2 34. Re3 Nd4 35. Kg1 Rf8 36. Kg2 Rb8 37. b5 a5 38. Rc1 Rb6 39. Rc8+ Kg7 40. Re1 Kh6 41. Rec1 Kg7 42. Rh1 g5 43. Rc7+ Kg6 44. Rhxh7 1-0

[Event "*** Titled Tuesday Blitz"]
[Site "Chess.com"]
[Date "2020.04.14"]
[Round "7"]
[White "Storne89"]
[Black "2L8IWUN"]
[Result "1/2-1/2"]
[WhiteElo "2611"]
[BlackElo "2369"]
[TimeControl "180+1"]
[EndTime "11:14:40 PDT"]
[Termination "Game drawn by repetition"]

1. e4 c5 2. Nf3 d6 3. d4 cxd4 4. Nxd4 Nf6 5. Nc3 Nc6 6. Bg5 e6 7. Qd2 a6 8. O-O-O Bd7 9. f3 Be7 10. h4 h6 11. Be3 h5 12. Bg5 b5 13. Nxc6 Bxc6 14. Ne2 Qc7 15. Nd4 Bb7 16. Kb1 Rc8 17. Bd3 O-O 18. Rhe1 Rfd8 19. f4 e5 20. Nf5 Re8 21.
fxe5 dxe5 22. Qe2 Bc6 23. Rf1 Bd7 24. Nxe7+ Rxe7 25. Bxf6 Bg4 26. Qd2 gxf6 27. Rc1 Qd6 28. Rf2 Rec7 29. Rcf1 f5 30. exf5 e4 31. Bxe4 Qxd2 32.
Rxd2 Re7 33. Bd3 f6 34. a3 Kg7 35. b4 Rd8 36. Kb2 Red7 37. Rdf2 Rd5 38. Re1 R8d6 39.
Re7+ Kf8 40. Ra7 Re5 41. Rc7 Re3 42. Rf4 Re7 43. Rxe7 Kxe7 44. Kc3 Rd5 45. Kd2 Re5 46. g3 Kd6 47. Rd4+ Kc7 48. Rf4 Kd6 49. Rd4+ Kc7 50.
c4 Bxf5 51. cxb5 Bxd3 52. Kxd3 axb5 53. Rf4 f5 54. Kd4 Kd6 55. Kd3 Kc7 56. Rd4 Re1 57. Rf4 Re5 1/2-1/2

[Event "*** Titled Tuesday Blitz"]
[Site "Chess.com"]
[Date "2020.04.14"]
[Round "7"]
[White "dmvlad"]
[Black "Bastiandash"]
[Result "1-0"]
[WhiteElo "2284"]
[BlackElo "2057"]
[TimeControl "180+1"]
[EndTime "11:14:40 PDT"]
[Termination "dmvlad won by resignation"]

1. e4 c5 2. Nf3 e6 3. c4 a6 4. Nc3 Nf6 5. Be2 d6 6. O-O Nbd7 7. b3 b6 8. Bb2 Bb7 9. Qc2 Qc7 10.
Rfe1 Be7 11. Rad1 Rc8 12. Qb1 O-O 13. h3 Ne5 14. Nh2 Nc6 15. f4 Nd4 16. Bd3 h6 17.
Ne2 Nxe2+ 18. Rxe2 Rfe8 19. Rf1 Bf8 20. Bxf6 gxf6 21.
f5 exf5 22. Rxf5 Bg7 23. Ng4 Qe7 24. Bc2 Rcd8 25. Qf1 Bc8 26. Nxf6+ Bxf6 27. Rxf6 Kg7 28. Ref2 Rf8 29. R2f3 Qe5 30. Rxf7+ Rxf7 31. Rxf7+ Kg8 32. Qf2 Be6 33. Rf3 Re8 34. Rg3+ Kh7 35. Qe3 Rf8 36. Rf3 Qa1+ 37. Kh2 Qe5+ 38. g3 Rxf3 39. Qxf3 Qb2 40. Qd1 Qd4 41. e5+ Kg8 42. Qe2 dxe5 43. Kg2 e4 44.
Bxe4 Qe5 45. Bh7+ Kxh7 46. Qxe5 1-0

[Event "*** Titled Tuesday Blitz"]
[Site "Chess.com"]
[Date "2020.04.14"]
[Round "7"]
[White "chidori_boruto"]
[Black "Teidi96"]
[Result "1-0"]
[WhiteElo "2652"]
[BlackElo "2181"]
[TimeControl "180+1"]
[EndTime "11:14:40 PDT"]
[Termination "chidori_boruto won on time"]

1. d4 Nf6 2. Bf4 g6 3. Nc3 Bg7 4. e4 d6 5. Qd2 Nbd7 6. Nf3 O-O 7.
Bh6 e5 8. Bxg7 Kxg7 9. O-O-O Qe7 10. dxe5 dxe5 11. Bc4 Qc5 12. Bb3 c6 13. h4 h5 14. Ng5 a5 15. a3 Nb6 16. Rhf1 Ng4 17. Qe2 a4 18. Ba2 f6 19. Ne6+ Bxe6 20. Bxe6 Nh6 21. f3 Rad8 22. g4 hxg4 23. fxg4 Rd6 24. Ba2 Rfd8 25. g5 Rxd1+ 26. Nxd1 fxg5 27. hxg5 Nf5 28. exf5 gxf5 29. Rxf5 Nd5 30. Qxe5+ Kg8 31. Qe6+ Kh8 32.
Qh6+ Kg8 33. g6 Rd7 34. Rh5 Qd4 35. g7 Rxg7 36. Qe6+ Rf7 37. Rf5 Qg7 38. Bxd5 cxd5 39. Qxd5 1-0

[Event "*** Titled Tuesday Blitz"]
[Site "Chess.com"]
[Date "2020.04.14"]
[Round "7"]
[White "Leonid_Starozhilov"]
[Black "Sanan_Sjugirov"]
[Result "1-0"]
[WhiteElo "2677"]
[BlackElo "2815"]
[TimeControl "180+1"]
[EndTime "11:14:41 PDT"]
[Termination "Leonid_Starozhilov won by resignation"]

1. b3 d5 2. Bb2 Bg4 3. h3 Bh5 4. c4 e6 5. Nf3 Nf6 6. e3 Nbd7 7.
Be2 c6 8. d4 Bd6 9. O-O O-O 10.
Nbd2 Ne4 11. Nxe4 dxe4 12. Ne5 Bxe2 13. Qxe2 f5 14. Nxd7 Qxd7 15. f4 exf3 16. Qxf3 Bc7 17. Rae1 Rad8 18. e4 fxe4 19. Qxe4 Rxf1+ 20. Rxf1 Qd6 21. Rf3 c5 22. dxc5 Qxc5+ 23. Re3 Bb6 24. Qxe6+ Kh8 25. Bc1 Qg5 26. Kh2 Bxe3 27. Bxe3 Qa5 28. Qe7 Rg8 29.
Bd4 Qa6 30. Be5 h6 31. c5 Qc6 32. b4 Qd5 33. Bd6 Kh7 34. a4 a6 35. Be5 Qe4 36.
b5 axb5 37. axb5 Qd5 38. c6 bxc6 39. b6 c5 40. b7 Qb3 41. b8=Q 1-0

[Event "*** Titled Tuesday Blitz"]
[Site "Chess.com"]
[Date "2020.04.14"]
[Round "7"]
[White "katchesskat"]
[Black "Pittiplatsh"]
[Result "1-0"]
[WhiteElo "2196"]
[BlackElo "2321"]
[TimeControl "180+1"]
[EndTime "11:14:41 PDT"]
[Termination "katchesskat won on time"]

1. c4 g6 2. e3 Bg7 3. Nf3 Nf6 4.
Qc2 O-O 5. a3 c5 6. Be2 b6 7. O-O Bb7 8. d3 d5 9. Nbd2 Nbd7 10.
Re1 Rc8 11. b3 e6 12. Bb2 Qe7 13. Rac1 Rfd8 14. h3 Nb8 15. Qb1 Nc6 16. Qa1 Ne8 17. Bxg7 Nxg7 18. Qb2 Nf5 19. Nh2 d4 20. Bf1 dxe3 21.
fxe3 e5 22. Ne4 Nd6 23. Nc3 Nb8 24. Nd5 Bxd5 25. cxd5 Nd7 26. e4 Nb5 27. Be2 h5 28.
Nf3 Nd4 29. Nxd4 exd4 30. b4 Ne5 31. Rf1 Qg5 32. Kh1 h4 33. bxc5 bxc5 34. Qb7 c4 35. dxc4 d3 36. Bxd3 Nxd3 37. Qxf7+ Kh8 38. Rc3 Ne5 39.
Qe6 Re8 40. Qa6 Rf8 41. Rcc1 Qg3 42. Rf6 Nd3 43. Rcf1 Ne1 44. Rxf8+ Rxf8 45. Rxf8+ Kg7 46. Qf6+ 1-0

[Event "*** Titled Tuesday Blitz"]
[Site "Chess.com"]
[Date "2020.04.14"]
[Round "7"]
[White "GuerrieroFromLevant"]
[Black "Ziachess74"]
[Result "1-0"]
[WhiteElo "2364"]
[BlackElo "2512"]
[TimeControl "180+1"]
[EndTime "11:14:42 PDT"]
[Termination "GuerrieroFromLevant won on time"]

1. e4 c6 2. d4 d5 3. exd5 cxd5 4. Bd3 Nc6 5. c3 Nf6 6. h3 g6 7. Nf3 Bg7 8. Bf4 O-O 9. O-O Bf5 10. Be2 a6 11. Nbd2 b5 12. b4 Ne4 13. Qc1 Rc8 14. Qb2 Nxc3 15. Qxc3 Nxd4 16. Qxd4 Bxd4 17. Nxd4 Bd7 18.
N2b3 Re8 19. Bg3 e5 20. Nf3 f6 21. Rfd1 Bc6 22. Nc5 a5 23. a4 bxa4 24. b5 Ba8 25. Nxa4 d4 26. b6 Bb7 27. Rac1 Rxc1 28. Rxc1 d3 29.
Bd1 Bd5 30. Nd2 Re6 31. Rc3 Rxb6 32. Nxb6 Qxb6 33. Rxd3 Be6 34. Kh2 Kf7 35. f4 exf4 36.
Bxf4 Qb4 37. Bd6 Qb5 38. Be2 Qa4 39. Nf3 Qe4 40. Bf1 a4 41. Rd4 Qc6 42. Bd3 Bb3 43.
Be4 Qc3 44. Bb4 Qc1 45. Rd7+ Kg8 46. Bd2 Qa1 47. Bh6 1-0

[Event "*** Titled Tuesday Blitz"]
[Site "Chess.com"]
[Date "2020.04.14"]
[Round "7"]
[White "AnishGiri"]
[Black "Guachiney"]
[Result "0-1"]
[WhiteElo "3015"]
[BlackElo "2855"]
[TimeControl "180+1"]
[EndTime "11:14:43 PDT"]
[Termination "Guachiney won by resignation"]

1. e4 c5 2. Nf3 d6 3. d4 cxd4 4. Nxd4 Nf6 5. Nc3 a6 6. f3 e5 7. Nb3 Be6 8. Be3 h5 9. Nd5 Bxd5 10. exd5 Nbd7 11. Qd2 g6 12. O-O-O Bg7 13. Kb1 O-O 14. Be2 Qc7 15. g4 hxg4 16. fxg4 Nb6 17. g5 Nfxd5 18.
Bxb6 Nxb6 19. Qxd6 Rac8 20. Qxc7 Rxc7 21. Bf3 e4 22.
Bxe4 Na4 23. Nd4 Rd8 24. c3 Rxc3 25. Ne6 Rxd1+ 26. Rxd1 Re3 27. Rd8+ Kh7 28. Nxg7 Kxg7 29. Bxb7 Re2 30. Bxa6 Rxb2+ 31. Kc1 Rxa2 32. Rd2 Ra1+ 33. Kc2 Nc5 34. Bd3 Rg1 35. Bc4 Rxg5 36. Rf2 f5 37. Kd1 Rg4 38. Be2 Rg1+ 39. Kc2 Ne4 40. Rf1 Rg2 41.
Kd3 Rxh2 42. Ra1 Kf6 43. Bf3 Rh3 44. Ke2 Ng5 45. Ra6+ Kg7 46. Bd5 Rc3 47. Ra7+ Kh6 48.
Ra6 Nh3 49. Ra4 Kg5 50. Bf7 Nf4+ 51. Kf2 Rc7 52. Be8 Nd3+ 53. Kf1 Ne5 54. Ra5 Ng4 55.
Ra6 Nf6 56. Bb5 Rc5 57. Ba4 Rc1+ 58. Ke2 Ra1 59. Kd2 Ne4+ 60. Kc2 Nc5 61. Kb2 Rxa4 0-1

[Event "*** Titled Tuesday Blitz"]
[Site "Chess.com"]
[Date "2020.04.14"]
[Round "7"]
[White "chito89"]
[Black "ElHelvetico"]
[Result "1-0"]
[WhiteElo "2793"]
[BlackElo "2619"]
[TimeControl "180+1"]
[EndTime "11:14:44 PDT"]
[Termination "chito89 won by resignation"]

1. d4 f5 2. c4 Nf6 3. Nf3 g6 4. g3 Bg7 5. Bg2 O-O 6. O-O d6 7. Nc3 e6 8. Re1 Ne4 9. Qd3 Nxc3 10. bxc3 e5 11. e4 Nc6 12. Ba3 exd4 13. cxd4 fxe4 14. Qxe4 Bf5 15. Qd5+ Kh8 16. Rad1 Qd7 17. Ng5 Rae8 18.
c5 h6 19. Rxe8 Qxe8 20. cxd6 hxg5 21. dxc7 Rf7 22. Bd6 Qd7 23. Qc5 g4 24. d5 Nd4 25.
Rxd4 b6 26. c8=Q+ Qxc8 27. Qxc8+ Bxc8 28. Rc4 Bf5 29. Bf4 Re7 30. Rc1 Re2 31. a4 Bd7 32. d6 Bxa4 33. Bc6 Bxc6 34. Rxc6 Re1+ 35. Kg2 Rd1 36. Rc8+ Kh7 37. Rc7 Kg8 38. d7 Bf6 39.
Rxa7 Kf8 40. Rb7 Ke7 41. d8=Q+ Kxd8 42. Rxb6 Ke7 43. Rb4 Ke6 44. Be3 Kf5 45. Rf4+ Ke6 46. Rxg4 Kf7 47. Re4 Rb1 48. h4 Rb2 49. Rf4 Rb5 50. Bd4 1-0

[Event "*** Titled Tuesday Blitz"]
[Site "Chess.com"]
[Date "2020.04.14"]
[Round "7"]
[White "harvsp123"]
[Black "Irishchessman16"]
[Result "1/2-1/2"]
[WhiteElo "2532"]
[BlackElo "2377"]
[TimeControl "180+1"]
[EndTime "11:14:44 PDT"]
[Termination "Game drawn by repetition"]

1. e4 c5 2. Nf3 Nc6 3. Nc3 e5 4.
Bc4 Be7 5. d3 d6 6. Nd2 Nf6 7.
Nf1 Nd7 8. a3 O-O 9. Ne3 Nb6 10.
Ba2 Kh8 11. O-O Nd4 12. Ne2 f5 13. c3 Nxe2+ 14. Qxe2 f4 15. Nf5 Bxf5 16. exf5 Rxf5 17. Qe4 Qd7 18. Bd5 Nxd5 19. Qxd5 f3 20. g3 Rh5 21. Qxf3 g6 22. h4 Rf8 23. Qe4 g5 24. Bxg5 Bxg5 25. hxg5 Rxg5 26. Kg2 d5 27. Qe3 Rgf5 28.
d4 cxd4 29. cxd4 e4 30. Rac1 Rf3 31. Qg5 R3f5 32. Qh6 Qb5 33. Rc7 R5f7 34. Rxf7 Rxf7 35. Rc1 Qd7 36. Qg5 Qf5 37. Qxf5 Rxf5 38. Rc7 Rf6 39. Rxb7 Rb6 40. Rxb6 axb6 41. f3 exf3+ 42. Kxf3 Kg7 43. Kf4 Kf6 44. g4 h6 45. b4 b5 46. Kf3 Kg5 47.
Kg3 Kg6 48. Kf2 Kf6 49. Ke3 Kf7 50. Kf3 Kg7 51. Kg3 Kf7 52. Kh3 Kg7 53. Kh2 Kf7 54. Kg2 Kg7 55. Kf1 Kf7 56. Kf2 Kg7 57. Ke3 Kf7 58. Kf3 Kg7 59. Kf4 Kf6 60. Kg3 Kf7 61.
Kh4 Kg6 62. Kh3 Kg7 63. Kg2 Kf7 64. Kf2 Kg7 65. Ke3 Kf7 1/2-1/2

[Event "*** Titled Tuesday Blitz"]
[Site "Chess.com"]
[Date "2020.04.14"]
[Round "7"]
[White "Casablanca"]
[Black "ChessAintFun"]
[Result "0-1"]
[WhiteElo "2355"]
[BlackElo "2532"]
[TimeControl "180+1"]
[EndTime "11:14:44 PDT"]
[Termination "ChessAintFun won by checkmate"]

1. d4 Nf6 2. Bg5 Ne4 3. Bf4 c5 4. f3 Qa5+ 5. c3 Nf6 6. d5 e6 7. e4 d6 8. Qd2 e5 9. Be3 Be7 10. c4 Bd8 11. Nc3 Bd7 12. a3 Na6 13. Rb1 O-O 14. Nge2 Qc7 15. Ng3 Qc8 16. Be2 Ba5 17.
O-O Ne8 18. Qc2 g6 19. Rfc1 f5 20. Nf1 Nf6 21. Nd2 Qe8 22. Na2 Bxd2 23. Bxd2 fxe4 24. fxe4 Qe7 25. Rf1 Ng4 26. Bxg4 Bxg4 27. h3 Bd7 28. Qd3 Kg7 29. Nc3 Nc7 30. Qe3 Rxf1+ 31. Rxf1 Rf8 32.
Qh6+ Kg8 33. Rxf8+ Qxf8 34. Qxf8+ Kxf8 35. Kf2 Kf7 36. Bg5 Ne8 37. Ke3 Kg7 38. Bh4 h6 39. Be1 Kf6 40.
Bh4+ g5 41. Be1 h5 42. h4 Ng7 43. Ne2 Bg4 44. Nc3 Bd7 45. Ne2 Kg6 46. Nc3 Ne8 47. b4 b6 48. b5 Nc7 49. a4 a5 50. Ne2 Ne8 51. Ng1 Nf6 52. Nf3 Bg4 53. hxg5 Nh7 54. Bh4 Bxf3 55. Kxf3 Nxg5+ 56. Bxg5 Kxg5 57. Kg3 h4+ 58. Kh3 Kf4 59. Kxh4 Kxe4 60. g4 Kd3 61. g5 e4 62. g6 e3 63. g7 e2 64. g8=Q e1=Q+ 65. Kh5 Qh1+ 66. Kg6 Qg2+ 67. Kf7 Qxg8+ 68. Kxg8 Kxc4 69.
Kf7 Kxd5 70. Ke7 c4 71. Kd7 c3 72. Kc7 c2 73. Kxb6 c1=Q 74. Kxa5 Kc5 75. Ka6 Qb2 76. a5 Qxb5+ 77. Ka7 Kc6 78. a6 Kc7 79. Ka8 Qb8# 0-1

[Event "*** Titled Tuesday Blitz"]
[Site "Chess.com"]
[Date "2020.04.14"]
[Round "7"]
[White "Morshynska"]
[Black "Danfii"]
[Result "1-0"]
[WhiteElo "2172"]
[BlackElo "2297"]
[TimeControl "180+1"]
[EndTime "11:14:44 PDT"]
[Termination "Morshynska won by resignation"]

1. d4 Nf6 2. c4 e6 3. Nf3 b6 4. g3 Ba6 5. b3 Bb4+ 6. Bd2 Be7 7.
Bg2 O-O 8. O-O d5 9. Ne5 Bb7 10. Bc3 Nbd7 11. Nd2 c6 12. e4 dxc4 13. Ndxc4 c5 14.
Qe2 cxd4 15. Bxd4 Nxe5 16. Bxe5 Ba6 17. Rfd1 Qc8 18. Rac1 Rd8 19. Bxf6 gxf6 20. e5 Rxd1+ 21. Qxd1 Rb8 22. Nxb6 Qd8 23. Nd7 Rc8 24. Nxf6+ Bxf6 25. exf6 Rxc1 26. Qxc1 Qxf6 27. h4 Bd3 28. Qe3 Qa1+ 29.
Kh2 Bb1 30. Qxa7 Qxa2 31. Qxa2 Bxa2 32. b4 Kf8 33. g4 h6 34. Kg3 Ke7 35. h5 e5 36. f4 exf4+ 37. Kxf4 Bb1 38. b5 Kd7 39. b6 Kd6 40. b7 Kc7 41. Be4 Ba2 42. g5 hxg5+ 43. Kxg5 f5 44. Kxf5 Bg8 45. h6 Kb8 46.
Kf6 1-0

[Event "*** Titled Tuesday Blitz"]
[Site "Chess.com"]
[Date "2020.04.14"]
[Round "7"]
[White "FairChess_on_YouTube"]
[Black "Izoria123"]
[Result "1-0"]
[WhiteElo "2991"]
[BlackElo "2791"]
[TimeControl "180+1"]
[EndTime "11:14:45 PDT"]
[Termination "FairChess_on_YouTube won on time"]

1. e4 c5 2. Nf3 d6 3. d4 cxd4 4. Nxd4 Nf6 5. Nc3 a6 6. h3 e6 7. g4 Nfd7 8. a4 Nc6 9. g5 Qb6 10. Nb3 Qc7 11. h4 b6 12. f4 Bb7 13. Bh3 Nc5 14. f5 Bc8 15. fxe6 Bxe6 16. Nd5 Qb7 17. Be3 Ne5 18. a5 b5 19. Nxc5 dxc5 20. Bf4 Bd6 21. Bxe6 fxe6 22. Nf6+ Ke7 23. O-O gxf6 24. gxf6+ Kf7 25.
Qxd6 Rag8+ 26. Kh2 Ng4+ 27. Kh3 h5 28. Bg5 Qxe4 29.
Qd7+ Kg6 30. f7 Rf8 31. Rae1 Qxc2 32. Qxe6+ Kh7 33. Qf5+ Qxf5 34. Rxf5 Kg7 35. Re7 c4 36. Ra7 b4 37. Rxa6 Rxf7 38. Rxf7+ Kxf7 39. Rc6 c3 40.
bxc3 bxc3 41. Rxc3 Ra8 42. Rc5 Ra6 43. Bd2 Kg6 44.
Rg5+ Kf6 45. Rxh5 Nf2+ 46. Kg2 1-0

[Event "*** Titled Tuesday Blitz"]
[Site "Chess.com"]
[Date "2020.04.14"]
[Round "7"]
[White "JacekDubiel"]
[Black "JiaHaoxiang"]
[Result "1/2-1/2"]
[WhiteElo "2433"]
[BlackElo "2598"]
[TimeControl "180+1"]
[EndTime "11:14:45 PDT"]
[Termination "Game drawn by repetition"]

1. e4 c5 2. Nf3 e6 3. d4 cxd4 4. Nxd4 a6 5. Bd3 Nf6 6. O-O Qc7 7. Kh1 d6 8. f4 Nbd7 9. Qe2 Be7 10. c3 b6 11. Nd2 Bb7 12. Bc2 O-O 13. N2f3 g6 14.
Bd2 Rfe8 15. Rad1 Bf8 16. Bc1 Rac8 17. Rfe1 Nh5 18. Qf2 Bh6 19. f5 Bxc1 20. Rxc1 exf5 21. exf5 Ne5 22. fxg6 hxg6 23. Bb3 Nd3 24. Rxe8+ Rxe8 25. Qc2 Nhf4 26. Rd1 Be4 27. Ng5 d5 28. Nxe4 dxe4 29. g3 Nh3 30. Rf1 Re7 31. Qg2 Ng5 32. h4 Nf3 33. Nxf3 exf3 34. Qxf3 Ne5 35. Qf4 Qc6+ 36. Kh2 Kg7 37. Qd4 Kh7 38. Kh3 Qc8+ 39. g4 Qc6 40.
Qd5 Qc7 41. Re1 f6 42. Re4 Qc8 43. Kg3 Rd7 44. Qe6 Rd3+ 45. Kf2 Qc5+ 46. Kg2 Rd2+ 47. Kh3 Rd3+ 48. Kg2 Rd2+ 49. Kh3 Rd3+ 50. Kg2 1/2-1/2

[Event "*** Titled Tuesday Blitz"]
[Site "Chess.com"]
[Date "2020.04.14"]
[Round "7"]
[White "FeketeBarika"]
[Black "Cuchulin"]
[Result "0-1"]
[WhiteElo "2266"]
[BlackElo "2136"]
[TimeControl "180+1"]
[EndTime "11:14:45 PDT"]
[Termination "Cuchulin won by resignation"]

1. Nf3 c5 2. g3 Nc6 3. Bg2 g6 4. c4 Bg7 5. O-O Nf6 6. Nc3 d5 7. cxd5 Nxd5 8. Nxd5 Qxd5 9. d3 O-O 10. Nd2 Qh5 11. e3 Bg4 12. Bf3 Bxf3 13. Qxf3 Qxf3 14. Nxf3 Rfd8 15. Rd1 Rd7 16. Kf1 Rad8 17. Ke2 Nb4 18.
Ne1 e5 19. a3 Nc6 20. e4 c4 21. Bd2 cxd3+ 22. Kf1 Nd4 23. Rac1 Nb3 24. Rc3 Nxd2+ 25.
Rxd2 Bh6 26. Rdxd3 Rxd3 27. Rxd3 Rxd3 28. Nxd3 f6 29.
Ke2 Kf7 30. Nc5 b6 31. Na6 Bc1 32. Nb4 Bxb2 33. a4 Ke6 34. Nd5 Bd4 35. f3 f5 36. h3 fxe4 37. fxe4 Kd6 38. Kd3 Kc5 39. g4 h6 40. h4 h5 41. gxh5 gxh5 42. Nf6 Bf2 43. Nxh5 Bxh4 44. Ng7 Kb4 45. Nf5 Bf2 46. a5 Kxa5 47. Kc4 b5+ 48. Kd5 b4 49. Kc4 Ka4 50. Ne7 b3 51. Nd5 Be1 52. Kd3 Ka3 53. Ne3 b2 54.
Nc4+ Ka2 55. Nxb2 Kxb2 56. Kc4 Bf2 57. Kb5 Bd4 0-1

[Event "*** Titled Tuesday Blitz"]
[Site "Chess.com"]
[Date "2020.04.14"]
[Round "7"]
[White "PauloCesarCosta_sad"]
[Black "Leo_C"]
[Result "1/2-1/2"]
[WhiteElo "2101"]
[BlackElo "2242"]
[TimeControl "180+1"]
[EndTime "11:14:45 PDT"]
[Termination "Game drawn by repetition"]

1. Nf3 d5 2. d4 Nf6 3. c4 c6 4.
e3 e6 5. Bd3 Nbd7 6. Nbd2 Bd6 7. O-O O-O 8. e4 dxe4 9. Nxe4 Nxe4 10. Bxe4 Nf6 11. Bc2 c5 12. Qd3 cxd4 13. Bg5 g6 14. Qxd4 Be7 15. Qh4 Kg7 16. Rad1 Qa5 17. Bh6+ Kg8 18.
Bxf8 Kxf8 19. a3 Kg7 20. Qg5 Qc7 21. b3 b6 22. Qe5 Qc6 23. Nd4 Qe8 24. Nb5 Qc6 25.
Nd4 Qe8 26. Nf3 Bb7 27. Rfe1 Qc6 28. h3 h6 29. Qe3 Bc5 30. Qe2 Nh5 31. Be4 Nf4 32.
Bxc6 Nxe2+ 33. Rxe2 Bxc6 34. Red2 Bxa3 35. Nd4 Be8 36.
Nb5 Be7 37. Nc7 Rc8 38. Nxe8+ Rxe8 39. Rd7 a5 40. Rb7 Bc5 41. Rdd7 Rf8 42. g3 Kf6 43. Kg2 h5 44. h4 e5 45. Rdc7 Ke6 46. Rd7 Kf6 47. Rdc7 Ke6 48. Rd7 Kf6 1/2-1/2

[Event "*** Titled Tuesday Blitz"]
[Site "Chess.com"]
[Date "2020.04.14"]
[Round "7"]
[White "Harry_Rakkel"]
[Black "Gabrielian_Artur"]
[Result "1-0"]
[WhiteElo "2552"]
[BlackElo "2666"]
[TimeControl "180+1"]
[EndTime "11:14:46 PDT"]
[Termination "Harry_Rakkel won on time"]

1. d4 Nf6 2. c4 c5 3. d5 e6 4. Nc3 exd5 5. cxd5 d6 6. e4 g6 7. f4 Bg7 8. Bb5+ Nfd7 9. a4 O-O 10. Nf3 Na6 11. O-O Nb4 12. Kh1 a6 13. Bc4 Nb6 14. Bd3 Nxd3 15. Qxd3 Re8 16. Be3 Nd7 17. Nd2 Nf6 18. Bg1 b6 19. Nc4 Bb7 20. Rad1 b5 21. axb5 axb5 22. Nxb5 Nxe4 23. f5 Ba6 24. Nba3 Bxb2 25.
Qf3 Bg7 26. Rfe1 Nc3 27. Rc1 Rxe1 28. Rxe1 Bb7 29. fxg6 hxg6 30. Qg3 Bxd5 31. Nxd6 Qd7 32. Bxc5 Be6 33. Nc2 Qc6 34. Bg1 Nd5 35. Ne3 Nxe3 36. Bxe3 Rd8 37. Bf4 Qd5 38. h4 Qh5 39. Bg5 Ra8 40.
Ne4 Qg4 41. Qxg4 Bxg4 42. Nf6+ Bxf6 43. Bxf6 Be6 44. Rd1 Kh7 45. Kh2 Kh6 46. Rd4 Kh5 47. Re4 Ra5 48. Bg5 Rb5 49. Rd4 1-0

[Event "*** Titled Tuesday Blitz"]
[Site "Chess.com"]
[Date "2020.04.14"]
[Round "7"]
[White "viktorskliarov"]
[Black "Keks2017"]
[Result "1-0"]
[WhiteElo "2654"]
[BlackElo "2487"]
[TimeControl "180+1"]
[EndTime "11:14:46 PDT"]
[Termination "viktorskliarov won on time"]

1. e4 d6 2. d4 Nf6 3. Nc3 g6 4. f3 c6 5. Be3 Nbd7 6. Qd2 b5 7. O-O-O Qa5 8. Kb1 Bg7 9. g4 Nb6 10. b3 h5 11. gxh5 Nxh5 12. Bd3 Ng3 13. Nge2 Nxh1 14. Rxh1 Bd7 15. h4 b4 16. Nd1 c5 17.
Nb2 Rc8 18. a4 c4 19. Nxc4 Nxc4 20. Bxc4 Bxa4 21. Qd3 Bd7 22. Nf4 e6 23. h5 gxh5 24. Rg1 Bf8 25. Bc1 h4 26. Nh3 Be7 27. Qe2 Qc7 28.
f4 a5 29. f5 a4 30. fxe6 Bxe6 31. Bxe6 fxe6 32. Nf4 axb3 33. cxb3 h3 34. Nxe6 Qb7 35.
d5 Rc3 36. Bb2 Rxb3 37. Qg4 h2 38. Rh1 Qb5 39. Nc7+ Kd8 40. Nxb5 Rf8 41. Nd4 Rd3 42. Ne6+ Ke8 43. Nxf8 Kxf8 44. Rxh2 Rd1+ 45. Qxd1 1-0

[Event "*** Titled Tuesday Blitz"]
[Site "Chess.com"]
[Date "2020.04.14"]
[Round "7"]
[White "Kingsman132"]
[Black "Rodalquilar"]
[Result "0-1"]
[WhiteElo "2442"]
[BlackElo "2631"]
[TimeControl "180+1"]
[EndTime "11:14:46 PDT"]
[Termination "Rodalquilar won by checkmate"]

1. e4 d5 2. exd5 Qxd5 3. Nc3 Qa5 4. d4 Nf6 5. Bd2 Bf5 6. Bc4 Qb4 7. Bb3 Qxd4 8. Nf3 Qd8 9. Bf4 Qxd1+ 10. Rxd1 c6 11.
h3 e6 12. g4 Bg6 13. O-O Nbd7 14. Rfe1 Be7 15. Nd4 Nc5 16. g5 Nd5 17. Nxd5 cxd5 18. Nb5 O-O 19. Nc7 Rac8 20. Nxd5 Bd8 21. Nc3 Bb6 22.
Bd6 Rfd8 23. Bxc5 Bxc5 24. Rxd8+ Rxd8 25. Rd1 Rxd1+ 26. Nxd1 Be7 27. h4 h6 28. f4 Bd6 29.
gxh6 gxh6 30. Kg2 Bxf4 31. Kf3 Be5 32. c3 Bf6 33. Kg4 Bf5+ 34. Kg3 Be5+ 35. Kf3 Kg7 36. Ne3 Bg6 37. Ng4 Bd6 38. Ne3 Be7 39. Kg4 f5+ 40. Kg3 e5 41. Nd5 Bd8 42. Ba4 f4+ 43. Kg4 h5+ 44.
Kh3 Bf5+ 45. Kg2 Be4+ 46. Kh3 Bxd5 47. Bd7 Kf7 48. b4 Be6+ 49. Bxe6+ Kxe6 50. c4 e4 51. a4 e3 52. Kg2 Bxh4 53. Kf3 Be7 54. c5 h4 55. a5 a6 56. b5 Bxc5 57. bxa6 bxa6 58. Ke2 h3 59. Kf3 h2 60. Kg2 e2 61. Kxh2 e1=Q 62.
Kh3 Qg3# 0-1

[Event "*** Titled Tuesday Blitz"]
[Site "Chess.com"]
[Date "2020.04.14"]
[Round "7"]
[White "Sashadav97"]
[Black "garicradomir"]
[Result "1-0"]
[WhiteElo "2602"]
[BlackElo "2407"]
[TimeControl "180+1"]
[EndTime "11:14:46 PDT"]
[Termination "Sashadav97 won by resignation"]

1. d4 Nf6 2. c4 Nc6 3. Nc3 e5 4. d5 Ne7 5. Nf3 Ng6 6. h4 h5 7. Bg5 Be7 8. e3 d6 9. Qc2 Nd7 10. Bd3 Ngf8 11. O-O-O Nc5 12. Bxe7 Qxe7 13. Bf5 Bxf5 14.
Qxf5 Qf6 15. Qc2 Qg6 16. Nb5 Qxc2+ 17. Kxc2 Kd7 18. Ng5 f6 19. Nf3 Ne4 20. Rhf1 Ng6 21. Nc3 Nxc3 22. Kxc3 Ne7 23. g3 Rag8 24. b4 g5 25. c5 Nf5 26. Rh1 g4 27. Nd2 b6 28.
Ne4 Rf8 29. Kb3 bxc5 30. bxc5 Rb8+ 31. Kc3 Ke7 32. Rb1 Nh6 33. c6 Rb6 34. Rxb6 axb6 35. Kb4 Ra8 36. a4 Ra5 37. Nc3 Nf5 38. Nb5 Kd8 39.
Rd1 Ne7 40. Nc3 Nc8 41. f3 gxf3 42. e4 Ke7 43. Rf1 Na7 44. Rxf3 Rc5 45. Rf5 b5 46. axb5 Nc8 47. Rxh5 Nb6 48. Rh7+ Kd8 49. Rh8+ Ke7 50. Rh7+ Kd8 51. h5 Rc4+ 52. Kb3 Rd4 53. h6 Na4 54. Nxa4 1-0

[Event "*** Titled Tuesday Blitz"]
[Site "Chess.com"]
[Date "2020.04.14"]
[Round "7"]
[White "ferdipy"]
[Black "NM2019"]
[Result "1-0"]
[WhiteElo "2191"]
[BlackElo "2029"]
[TimeControl "180+1"]
[EndTime "11:14:46 PDT"]
[Termination "ferdipy won on time"]

1. e4 c5 2. d4 cxd4 3. c3 Nf6 4. e5 Nd5 5. cxd4 Nc6 6. Nf3 d6 7. h3 Bf5 8. a3 e6 9. Bd2 dxe5 10. dxe5 Qc7 11.
Qe2 Rd8 12. Nc3 Nxc3 13. Bxc3 Bd3 14. Qe3 Bxf1 15. Kxf1 Be7 16. g3 O-O 17. Kg2 b6 18.
Rac1 Bc5 19. Qe4 a5 20. Bxa5 Nxa5 21. b4 Qb7 22. Qxb7 Nxb7 23. bxc5 Nxc5 24. Rb1 Rd3 25. Rxb6 Rxa3 26. Rc1 Nd3 27. Rd1 h6 28. Rd6 Nc5 29. Rc6 Ne4 30. Rd4 Ng5 31. Nxg5 hxg5 32. Rg4 Ra2 33. Rxg5 Rb8 34. Rg4 Rbb2 35. Rf4 Re2 36. Rc7 Rxe5 37. Rfxf7 Rg5 38. h4 Rg6 39. h5 Rg5 40. h6 gxh6 41. Rh7 h5 42. Rhe7 Ra8 43. Rxe6 Rf8 44. Rh6 Rgf5 45. f4 Ra8 46. Rch7 Raf8 47. Rxh5 Rxh5 48. Rxh5 Kg7 49. Kf3 Kg6 50. Rg5+ Kh6 51.
g4 Ra8 52. Rh5+ Kg6 53. f5+ Kf6 54. Rh6+ Kg5 55. Rg6+ Kh4 56. f6 1-0